WCHLSIM.com - West Coast Hockey League
html PUBLIC "-//W3C//DTD XHTML 1.0 Transitional//EN" "http://www.w3.org/TR/xhtml1/DTD/xhtml1-transitional.dtd"> WCHL - Game 69 - VICTORIA GLADIATORS vs OKANAGAN RATTLESNAKES

VICTORIA GLADIATORS vs OKANAGAN RATTLESNAKES

Created - 22 octobre 2023 at 21:47

Goals
1 2 3 T
VICTORIA GLADIATORS 3 1 2 6
OKANAGAN RATTLESNAKES 0 0 1 1
Shots
1 2 3 T
VICTORIA GLADIATORS 10 12 17 39
OKANAGAN RATTLESNAKES 6 17 8 31

1st period

1. VICTORIA GLADIATORS , Mikael Granlund 1 (Andre Burakovsky 1) at 3:47
2. VICTORIA GLADIATORS , Jan Rutta 1 (Tyler Pitlick 1, Brock McGinn 1) at 8:25
3. VICTORIA GLADIATORS , Brandon Montour 1 (Alex Iafallo 1, Mikael Granlund 1) at 13:31 (PP)

Penalties :
Jeremy Lauzon (OKA) for Delaying the game (Minor) at 9:37, Jeremy Lauzon (OKA) for Hooking (Minor) at 12:58

2nd period

4. VICTORIA GLADIATORS , Nick Foligno 2 (Noel Acciari 2) at 16:28

Penalties :
Josh Manson (OKA) for Cross-checking (Minor) at 2:50, Andre Burakovsky (VIC) for Slashing (Minor) at 6:50

3rd period

5. VICTORIA GLADIATORS , Andre Burakovsky 1 (Mikael Granlund 2, Brandon Montour 2) at 6:08 (PP)
6. OKANAGAN RATTLESNAKES , Lars Eller 2 (Nazem Kadri 3, Anders Lee 3) at 8:45
7. VICTORIA GLADIATORS , Brandon Montour 2 (Barclay Goodrow 2) at 9:20 (PP)

Penalties :
Pierre-Edouard Bellemare (OKA) for Hooking (Minor) at 4:16, Jack Campbell (OKA) for Slashing (Minor) at 5:20 - Josh Manson served the penalty., T.J. Oshie (OKA) for Slashing (Minor) at 8:52, Barclay Goodrow (VIC) for High sticking (Minor) at 10:06, Kasperi Kapanen (VIC) for Tripping (Minor) at 18:54

Goalie Stats

Jake Oettinger (VIC), 30 saves from 31 shots - (0,968), W, 2-2-0, 60:00 minutes
James Reimer (OKA), 18 saves from 22 shots - (0,818), L, 0-4-0, 36:28 minutes
Jack Campbell (OKA), 15 saves from 17 shots - (0,882), 23:32 minutes

Players Stats for VICTORIA GLADIATORS

Player Name              G  A  P  +/- PIM S  H  SB GA TA FO     MP     PP MP  PK MP  
------------------------------------------------------------------------------------
Adam Lowry               0  0  0   0  0   5  2  0  0  0  21/33  18:56   3:51   0:27 
Alex Iafallo             0  1  1   0  0   3  1  0  0  0  0/0    20:44   4:11   0:00 
Andre Burakovsky         1  1  2   0  2   2  0  0  0  0  0/0    20:43   4:11   0:00 
Barclay Goodrow          0  1  1   0  2   4  0  0  0  0  1/2    18:28   3:51   0:00 
Brandon Montour          2  1  3   0  0   13 1  1  0  0  0/0    23:16   5:01   0:00 
Brock McGinn             0  1  1   1  0   1  1  0  0  0  0/0     8:54   0:00   3:46 
Chris Tanev              0  0  0   1  0   0  0  0  0  0  0/0    14:42   0:16   2:23 
Jan Rutta                1  0  1   1  0   1  2  1  0  0  0/0    14:26   0:00   2:23 
Justin Holl              0  0  0   1  0   1  1  0  0  0  0/0    19:31   0:00   2:40 
Kasperi Kapanen          0  0  0   0  2   1  0  0  0  0  1/1    19:22   4:45   0:00 
Mason Appleton           0  0  0   1  0   2  0  0  0  0  1/5     5:58   0:00   0:50 
Matthew Nieto            0  0  0   1  0   0  0  0  0  0  0/0    11:26   0:00   0:50 
Mikael Granlund          1  2  3   0  0   3  3  0  0  0  18/39  20:44   4:11   0:00 
Nick Foligno             1  0  1   1  0   1  1  0  0  0  0/1    14:27   3:51   0:00 
Noel Acciari             0  1  1   1  0   0  1  0  0  0  13/22  14:49   0:00   4:13 
Torey Krug               0  0  0   0  0   2  1  1  0  0  0/0    21:02   3:01   0:00 
Tyler Myers              0  0  0   1  0   0  2  0  0  0  0/0    22:18   3:01   2:40 
Tyler Pitlick            0  1  1   1  0   0  0  0  0  0  0/0     5:08   0:00   0:00 

Players Stats for OKANAGAN RATTLESNAKES

Player Name              G  A  P  +/- PIM S  H  SB GA TA FO     MP     PP MP  PK MP  
------------------------------------------------------------------------------------
Adam Clendening          0  0  0   0  0   0  2  0  0  0  0/0    21:20   1:47   4:32 
Anders Lee               0  1  1   0  0   5  1  0  0  0  18/40  25:08   3:31   5:10 
Austin Osmanski          0  0  0   0  0   0  2  0  0  0  0/0    13:34   0:00   1:06 
Blake Coleman            0  0  0  -2  0   2  2  0  0  0  4/16   11:35   0:00   1:18 
Casey Cizikas            0  0  0   0  0   2  0  0  0  0  12/22  16:12   1:32   0:00 
Colton Parayko           0  0  0  -2  0   1  1  1  0  0  0/0    27:01   3:16   4:19 
Esa Lindell              0  0  0   0  0   0  0  2  0  0  0/0    24:20   1:47   4:48 
Jeremy Lauzon            0  0  0   0  4   0  3  1  0  0  0/0    12:26   0:00   0:00 
Josh Manson              0  0  0  -2  2   0  5  1  0  0  0/0    21:16   3:16   1:19 
Jujhar Khaira            0  0  0   0  0   1  0  1  0  0  0/1     5:31   0:00   0:00 
Kevin Labanc             0  0  0   0  0   0  0  0  0  0  1/1     5:31   0:00   0:00 
Lars Eller               1  0  1   0  0   4  1  0  0  0  2/2    17:59   1:32   0:00 
Mike Hoffman             0  0  0   0  0   5  0  0  0  0  3/5    18:14   1:32   2:02 
Nazem Kadri              0  1  1   0  0   4  3  0  0  0  1/1    21:57   3:31   1:59 
Oskar Sundqvist          0  0  0  -2  0   3  1  0  0  0  1/3    10:17   0:00   0:00 
Pierre-Edouard Bellemare 0  0  0  -2  2   0  0  0  0  0  0/0    10:48   0:32   0:00 
Stefan Noesen            0  0  0   0  0   0  0  0  0  0  3/5     5:31   0:00   0:00 
T.J. Oshie               0  0  0   0  2   4  2  1  0  0  3/7    22:25   2:59   4:47 

3 Stars

1 - Brandon Montour (VIC)
2 - Mikael Granlund (VIC)
3 - Jake Oettinger (VIC)

Power Play

VICTORIA GLADIATORS - 3 on 6 Attempt(s) - 50,00%
OKANAGAN RATTLESNAKES - 0 on 3 Attempt(s) - 0,00%

Penalty Kill

VICTORIA GLADIATORS - 3 on 3 Attempt(s) - 100,00% - Score 0 goal in Penalty Kill
OKANAGAN RATTLESNAKES - 3 on 6 Attempt(s) - 50,00% - Score 0 goal in Penalty Kill

Team Stat

VICTORIA GLADIATORS - Hits : 16 - Faceoff Wins : 55 - Blocked Shots : 3 - Penalty Minutes : 6
OKANAGAN RATTLESNAKES - Hits : 23 - Faceoff Wins : 48 - Blocked Shots : 7 - Penalty Minutes : 12

Official

Referees : Dan O'Halloran and Andrew Wilk
Linesman : Andrew Smith and Brendan Lewis

Game Notes

Jack Campbell enters game at 16:28 of 2nd period

Finance

Level 1 -- Attendance: 4919 (81,98%) -- Ticket Income 983 800 $
Level 2 -- Attendance: 4644 (92,88%) -- Ticket Income 580 500 $
Level 3 -- Attendance: 1737 (86,85%) -- Ticket Income 189 333 $
Level 4 -- Attendance: 3412 (85,30%) -- Ticket Income 235 428 $
Luxury Box -- Attendance: 1000 (100,00%) -- Ticket Income 300 000 $
Total Attendance: 15712 (87,29%)
Total Ticket Income: 2 289 061 $
Other Expense: 22 891 $
Total Income: 2 266 170 $

VICTORIA GLADIATORS

5 vs 5 Forward 
   Center                   Left Wing                Right Wing               Time % Phy DF OF 
 1 Mikael Granlund          Alex Iafallo             Andre Burakovsky         36     0   2  3  
 2 Adam Lowry               Barclay Goodrow          Kasperi Kapanen          33     1   2  2  
 3 Noel Acciari             Nick Foligno             Matthew Nieto            24     1   2  2  
 4 Mason Appleton           Brock McGinn             Tyler Pitlick            7      0   3  2  

5 vs 5 Defense 
   Defense                  Defense                                           Time % Phy DF OF 
 1 Brandon Montour          Torey Krug                                        40     1   2  2  
 2 Tyler Myers              Justin Holl                                       35     1   2  2  
 3 Chris Tanev              Jan Rutta                                         25     0   3  2  
 4 Brandon Montour          Justin Holl                                       0      0   3  2  

PowerPlay Forward 
   Center                   Left Wing                Right Wing               Time % Phy DF OF 
 1 Mikael Granlund          Alex Iafallo             Andre Burakovsky         60     1   0  4  
 2 Adam Lowry               Barclay Goodrow          Nick Foligno             40     1   0  4  

PowerPlay Defense
   Defense                  Defense                                           Time % Phy DF OF 
 1 Brandon Montour          Kasperi Kapanen                                   60     0   1  4  
 2 Tyler Myers              Torey Krug                                        40     0   1  4  

Penalty Kill 4 Players Forward 
   Center                   Wing                     Time % Phy DF OF 
 1 Noel Acciari             Brock McGinn             60     0   4  1  
 2 Mason Appleton           Matthew Nieto            40     0   4  1  

Penalty Kill 4 Players Defense
   Defense                  Defense                  Time % Phy DF OF 
 1 Tyler Myers              Justin Holl              60     0   4  1  
 2 Chris Tanev              Jan Rutta                40     0   4  1  

Penalty Kill - 3 Players Forward 
   Forward                                           Time % Phy DF OF 
 1 Noel Acciari                                      55     0   5  0  
 2 Matthew Nieto                                     45     0   5  0  

Penalty Kill - 3 Players Defense
   Defense                  Defense                  Time % Phy DF OF 
 1 Tyler Myers              Justin Holl              55     0   5  0  
 2 Chris Tanev              Jan Rutta                45     0   5  0  

4 vs 4 Forward 
   Center                   Wing                     Time % Phy DF OF 
 1 Mikael Granlund          Alex Iafallo             52     1   2  2  
 2 Adam Lowry               Barclay Goodrow          48     1   2  2  

4 vs 4 Defense
   Defense                  Defense                  Time % Phy DF OF 
 1 Brandon Montour          Torey Krug               52     1   2  2  
 2 Chris Tanev              Jan Rutta                48     1   2  2  

Last Minutes Offensive
   Center                   Left Wing                Right Wing               Defense                  Defense                  
   Mikael Granlund          Alex Iafallo             Andre Burakovsky         Brandon Montour          Torey Krug               

Last Minutes Defensive
   Center                   Left Wing                Right Wing               Defense                  Defense                  
   Noel Acciari             Brock McGinn             Matthew Nieto            Tyler Myers              Justin Holl              

Goaltenders
Starting : Jake Oettinger           
Backup : Charlie Lindgren         

Extra Forwards
Normal : Alex Iafallo, Nick Foligno, Kasperi Kapanen - PP : Noel Acciari, Brock McGinn - PK : Adam Lowry
Extra Defensemen
Normal : Chris Tanev, Jan Rutta, Torey Krug - PP : Chris Tanev - PK : Jan Rutta, Tyler Myers
Penalty Shots
Mikael Granlund, Andre Burakovsky, Adam Lowry, Alex Iafallo, Barclay Goodrow
Custom OT Lines Forwards
Mikael Granlund, Andre Burakovsky, Adam Lowry, Alex Iafallo, Barclay Goodrow, Noel Acciari, Kasperi Kapanen, Nick Foligno, Matthew Nieto, Mason Appleton
Custom OT Lines Defensemen
Brandon Montour, Torey Krug, Tyler Myers, Justin Holl, Chris Tanev

Scratches
Juuso Parssinen (Right Hand Injury), Niko Mikkola (Healthy)

OKANAGAN RATTLESNAKES

5 vs 5 Forward 
   Center                   Left Wing                Right Wing               Time % Phy DF OF 
 1 Anders Lee               Nazem Kadri              Lars Eller               36     1   2  2  
 2 Casey Cizikas            Mike Hoffman             T.J. Oshie               31     1   2  2  
 3 Blake Coleman            Oskar Sundqvist          Pierre-Edouard Bellemare 23     1   2  2  
 4 Stefan Noesen            Kevin Labanc             Jujhar Khaira            10     1   2  2  

5 vs 5 Defense 
   Defense                  Defense                                           Time % Phy DF OF 
 1 Colton Parayko           Josh Manson                                       36     1   2  2  
 2 Adam Clendening          Esa Lindell                                       31     1   2  2  
 3 Jeremy Lauzon            Austin Osmanski                                   23     1   2  2  
 4 Colton Parayko           Esa Lindell                                       10     1   2  2  

PowerPlay Forward 
   Center                   Left Wing                Right Wing               Time % Phy DF OF 
 1 Anders Lee               Nazem Kadri              T.J. Oshie               55     1   2  2  
 2 Lars Eller               Mike Hoffman             Casey Cizikas            45     1   2  2  

PowerPlay Defense
   Defense                  Defense                                           Time % Phy DF OF 
 1 Adam Clendening          Esa Lindell                                       55     1   2  2  
 2 Colton Parayko           Josh Manson                                       45     1   2  2  

Penalty Kill 4 Players Forward 
   Center                   Wing                     Time % Phy DF OF 
 1 Anders Lee               T.J. Oshie               55     1   2  2  
 2 Mike Hoffman             Nazem Kadri              45     1   2  2  

Penalty Kill 4 Players Defense
   Defense                  Defense                  Time % Phy DF OF 
 1 Colton Parayko           Josh Manson              55     1   2  2  
 2 Esa Lindell              Adam Clendening          45     1   2  2  

Penalty Kill - 3 Players Forward 
   Forward                                           Time % Phy DF OF 
 1 Anders Lee                                        55     1   2  2  
 2 Mike Hoffman                                      45     1   2  2  

Penalty Kill - 3 Players Defense
   Defense                  Defense                  Time % Phy DF OF 
 1 Adam Clendening          Esa Lindell              55     1   2  2  
 2 Josh Manson              Colton Parayko           45     1   2  2  

4 vs 4 Forward 
   Center                   Wing                     Time % Phy DF OF 
 1 Anders Lee               Nazem Kadri              55     1   2  2  
 2 T.J. Oshie               Blake Coleman            45     1   2  2  

4 vs 4 Defense
   Defense                  Defense                  Time % Phy DF OF 
 1 Esa Lindell              Adam Clendening          55     1   2  2  
 2 Colton Parayko           Jeremy Lauzon            45     1   2  2  

Last Minutes Offensive
   Center                   Left Wing                Right Wing               Defense                  Defense                  
   Anders Lee               Nazem Kadri              T.J. Oshie               Colton Parayko           Josh Manson              

Last Minutes Defensive
   Center                   Left Wing                Right Wing               Defense                  Defense                  
   Anders Lee               Nazem Kadri              T.J. Oshie               Colton Parayko           Josh Manson              

Goaltenders
Starting : James Reimer             
Backup : Jack Campbell            

Extra Forwards
Normal : Anders Lee, Oskar Sundqvist, Kevin Labanc - PP : Anders Lee, Pierre-Edouard Bellemare - PK : Anders Lee
Extra Defensemen
Normal : Esa Lindell, Austin Osmanski, Adam Clendening - PP : Adam Clendening - PK : Esa Lindell, Adam Clendening
Penalty Shots
Anders Lee, Oskar Sundqvist, Kevin Labanc, Pierre-Edouard Bellemare, Jujhar Khaira
Custom OT Lines Forwards
Oskar Sundqvist, Anders Lee, Kevin Labanc, Pierre-Edouard Bellemare, Jujhar Khaira, Mike Hoffman, Stefan Noesen, Lars Eller, Nazem Kadri, Casey Cizikas
Custom OT Lines Defensemen
Austin Osmanski, Adam Clendening, Colton Parayko, Esa Lindell, Josh Manson

Scratches
Colin White (Healthy)

% Time on Ice - VICTORIA GLADIATORS

Lines # - Real PCT - Wanted PCT - Time Play
Normal Forward
1 - 35% - 36% - 16:33
2 - 31% - 33% - 14:38
3 - 23% - 24% - 10:36
4 - 11% - 7% - 5:08
Normal Defense
1 - 38% - 40% - 18:01
2 - 35% - 35% - 16:37
3 - 26% - 25% - 12:03
4 - 0% - 0% - 0:14
PP Forward
1 - 52% - 60% - 4:11
2 - 48% - 40% - 3:51
PP Defense
1 - 62% - 60% - 5:01
2 - 38% - 40% - 3:01
PK Forward
1 - 83% - 60% - 4:13
2 - 17% - 40% - 0:50
PK Defense
1 - 53% - 60% - 2:40
2 - 47% - 40% - 2:23
PK3 Forward
1 - 0% - 55%
2 - 0% - 45%
PK3 Defense
1 - 0% - 55%
2 - 0% - 45%
44 Forward
1 - 0% - 52%
2 - 0% - 48%
44 Defense
1 - 0% - 52%
2 - 0% - 48%
Last Minute Offensive  - 0:00
Last Minute Defensive  - 0:00
Total
Forward - 60:00
Defense - 60:00

% Time on Ice - OKANAGAN RATTLESNAKES

Lines # - Real PCT - Wanted PCT - Time Play
Normal Forward
1 - 35% - 36% - 16:27
2 - 31% - 31% - 14:40
3 - 22% - 23% - 10:17
4 - 12% - 10% - 5:31
Normal Defense
1 - 36% - 36% - 16:42
2 - 30% - 31% - 14:00
3 - 27% - 23% - 12:28
4 - 8% - 10% - 3:45
PP Forward
1 - 70% - 55% - 3:31
2 - 30% - 45% - 1:32
PP Defense
1 - 35% - 55% - 1:47
2 - 65% - 45% - 3:16
PK Forward
1 - 73% - 55% - 5:15
2 - 27% - 45% - 1:59
PK Defense
1 - 57% - 55% - 4:06
2 - 43% - 45% - 3:08
PK3 Forward
1 - 94% - 55% - 0:45
2 - 6% - 45% - 0:03
PK3 Defense
1 - 42% - 55% - 0:20
2 - 58% - 45% - 0:28
44 Forward
1 - 0% - 55%
2 - 0% - 45%
44 Defense
1 - 0% - 55%
2 - 0% - 45%
Last Minute Offensive  - 0:00
Last Minute Defensive  - 0:00
Total
Forward - 60:00
Defense - 60:00

Play-by-Play

1st period


0:01 of 1st period - Anders Lee wins face-off versus Mikael Granlund in neutral zone.
0:16 of 1st period - Shot by Nazem Kadri.
0:16 of 1st period - Stopped by Jake Oettinger with a rebound.
0:18 of 1st period - Shot by Colton Parayko.
0:18 of 1st period - Shot Hit the Post.
0:38 of 1st period - Icing by Brandon Montour.
0:39 of 1st period - Mikael Granlund wins face-off versus Casey Cizikas in VICTORIA GLADIATORS zone.
0:53 of 1st period - Icing by Esa Lindell.
0:54 of 1st period - Adam Lowry wins face-off versus Casey Cizikas in OKANAGAN RATTLESNAKES zone.
1:02 of 1st period - Icing by Adam Clendening.
1:03 of 1st period - Noel Acciari wins face-off versus Casey Cizikas in OKANAGAN RATTLESNAKES zone.
1:14 of 1st period - Shot by Casey Cizikas.
1:14 of 1st period - Stopped by Jake Oettinger without a rebound.
1:15 of 1st period - Adam Lowry wins face-off versus Blake Coleman in VICTORIA GLADIATORS zone.
1:15 of 1st period - Adam Lowry is hit by Oskar Sundqvist.
1:22 of 1st period - Off-side.
1:23 of 1st period - Adam Lowry wins face-off versus Blake Coleman in neutral zone.
1:43 of 1st period - Adam Lowry is hit by Austin Osmanski.
1:48 of 1st period - Kasperi Kapanen is hit by Austin Osmanski.
2:19 of 1st period - Shot by Noel Acciari.
2:19 of 1st period - Shot Misses the Net.
2:21 of 1st period - Shot by Noel Acciari.
2:21 of 1st period - Shot Misses the Net.
2:35 of 1st period - Shot by Noel Acciari.
2:35 of 1st period - Deflect By Matthew Nieto.
2:35 of 1st period - Shot Misses the Net.
3:41 of 1st period - Icing by Josh Manson.
3:42 of 1st period - Mikael Granlund wins face-off versus Anders Lee in OKANAGAN RATTLESNAKES zone.
3:47 of 1st period - Shot by Mikael Granlund.
3:47 of 1st period - Goal by Mikael Granlund - VICTORIA GLADIATORS : 1 - OKANAGAN RATTLESNAKES : 0.
3:48 of 1st period - Casey Cizikas wins face-off versus Mikael Granlund in neutral zone.
4:18 of 1st period - Shot by T.J. Oshie.
4:18 of 1st period - Deflect By Mike Hoffman.
4:18 of 1st period - Stopped by Jake Oettinger without a rebound.
4:19 of 1st period - Stefan Noesen wins face-off versus Adam Lowry in VICTORIA GLADIATORS zone.
4:43 of 1st period - Icing by Josh Manson.
4:44 of 1st period - Noel Acciari wins face-off versus Stefan Noesen in OKANAGAN RATTLESNAKES zone.
5:49 of 1st period - Shot by Nazem Kadri.
5:49 of 1st period - Stopped by Jake Oettinger without a rebound.
5:50 of 1st period - Adam Lowry wins face-off versus Casey Cizikas in VICTORIA GLADIATORS zone.
6:54 of 1st period - Shot by Alex Iafallo.
6:54 of 1st period - Shot Blocked by Jeremy Lauzon.
7:12 of 1st period - Shot by Lars Eller.
7:12 of 1st period - Stopped by Jake Oettinger without a rebound.
7:13 of 1st period - Blake Coleman wins face-off versus Noel Acciari in VICTORIA GLADIATORS zone.
8:23 of 1st period - Shot by Brock McGinn.
8:23 of 1st period - Deflect By Tyler Pitlick.
8:23 of 1st period - Shot Blocked by Josh Manson.
8:25 of 1st period - Shot by Jan Rutta.
8:25 of 1st period - Goal by Jan Rutta - VICTORIA GLADIATORS : 2 - OKANAGAN RATTLESNAKES : 0.
8:26 of 1st period - Anders Lee wins face-off versus Adam Lowry in neutral zone.
9:37 of 1st period - Minor Penalty to Jeremy Lauzon for Delaying the game.
9:38 of 1st period - T.J. Oshie wins face-off versus Mikael Granlund in OKANAGAN RATTLESNAKES zone.
10:07 of 1st period - Shot by Andre Burakovsky.
10:07 of 1st period - Shot Misses the Net.
10:45 of 1st period - Shot by Adam Lowry.
10:45 of 1st period - Stopped by James Reimer without a rebound.
10:46 of 1st period - Mike Hoffman wins face-off versus Mikael Granlund in OKANAGAN RATTLESNAKES zone.
11:01 of 1st period - Shot by Brandon Montour.
11:01 of 1st period - Stopped by James Reimer without a rebound.
11:02 of 1st period - Nazem Kadri wins face-off versus Barclay Goodrow in OKANAGAN RATTLESNAKES zone.
11:46 of 1st period - Jujhar Khaira is hit by Brock McGinn and loses puck.
12:01 of 1st period - Shot by Mason Appleton.
12:01 of 1st period - Shot Misses the Net.
12:03 of 1st period - Shot by Mason Appleton.
12:03 of 1st period - Stopped by James Reimer without a rebound.
12:04 of 1st period - Mikael Granlund wins face-off versus Anders Lee in OKANAGAN RATTLESNAKES zone.
12:07 of 1st period - Shot by Alex Iafallo.
12:07 of 1st period - Stopped by James Reimer without a rebound.
12:08 of 1st period - Anders Lee wins face-off versus Mikael Granlund in OKANAGAN RATTLESNAKES zone.
12:13 of 1st period - Shot by Nazem Kadri.
12:13 of 1st period - Shot Hit the Post.
12:15 of 1st period - Shot by Anders Lee.
12:15 of 1st period - Stopped by Jake Oettinger without a rebound.
12:16 of 1st period - Casey Cizikas wins face-off versus Mikael Granlund in VICTORIA GLADIATORS zone.
12:40 of 1st period - Off-side.
12:41 of 1st period - Adam Lowry wins face-off versus Anders Lee in neutral zone.
12:44 of 1st period - Lars Eller is hit by Adam Lowry and loses puck.
12:58 of 1st period - Minor Penalty to Jeremy Lauzon for Hooking.
12:59 of 1st period - Anders Lee wins face-off versus Mikael Granlund in OKANAGAN RATTLESNAKES zone.
13:29 of 1st period - Shot by Brandon Montour.
13:29 of 1st period - Shot Hit the Post.
13:31 of 1st period - Shot by Brandon Montour.
13:31 of 1st period - Goal by Brandon Montour - VICTORIA GLADIATORS : 3 - OKANAGAN RATTLESNAKES : 0.
13:32 of 1st period - Blake Coleman wins face-off versus Noel Acciari in neutral zone.
13:34 of 1st period - Off-side.
13:35 of 1st period - Casey Cizikas wins face-off versus Nick Foligno in neutral zone.
13:56 of 1st period - Off-side.
13:57 of 1st period - Anders Lee wins face-off versus Mikael Granlund in neutral zone.
14:46 of 1st period - Lars Eller is hit by Mikael Granlund and loses puck.
15:17 of 1st period - Shot by Adam Lowry.
15:17 of 1st period - Stopped by James Reimer with a rebound.
15:19 of 1st period - Shot by Adam Lowry.
15:19 of 1st period - Deflect By Kasperi Kapanen.
15:19 of 1st period - Stopped by James Reimer without a rebound.
15:20 of 1st period - Noel Acciari wins face-off versus Casey Cizikas in OKANAGAN RATTLESNAKES zone.
15:53 of 1st period - T.J. Oshie is hit by Noel Acciari.
16:37 of 1st period - Shot by Kasperi Kapanen.
16:37 of 1st period - Shot Misses the Net.
16:45 of 1st period - Justin Holl is hit by T.J. Oshie and loses puck.
17:21 of 1st period - Mike Hoffman is hit by Brandon Montour and loses puck.
17:39 of 1st period - Alex Iafallo is hit by Josh Manson and loses puck.
19:21 of 1st period - Off-side.
19:22 of 1st period - Adam Lowry wins face-off versus Jujhar Khaira in neutral zone.
19:24 of 1st period - Brandon Montour is hit by Jeremy Lauzon and loses puck.
19:37 of 1st period - Shot by Adam Lowry.
19:37 of 1st period - Shot Blocked by Jujhar Khaira.
19:39 of 1st period - Shot by Barclay Goodrow.
19:39 of 1st period - Stopped by James Reimer without a rebound.
19:40 of 1st period - Mikael Granlund wins face-off versus Blake Coleman in OKANAGAN RATTLESNAKES zone.
19:53 of 1st period - Chris Tanev is hit by Blake Coleman and loses puck.
Goals for this period are 3 for VICTORIA GLADIATORS vs 0 for OKANAGAN RATTLESNAKES.
Shots for this period are 10 for VICTORIA GLADIATORS vs 6 for OKANAGAN RATTLESNAKES.

2nd period


0:01 of 2nd period - Adam Lowry wins face-off versus Anders Lee in neutral zone.
0:21 of 2nd period - Icing by Brandon Montour.
0:22 of 2nd period - Casey Cizikas wins face-off versus Adam Lowry in VICTORIA GLADIATORS zone.
1:04 of 2nd period - Shot by Andre Burakovsky.
1:04 of 2nd period - Shot Misses the Net.
1:20 of 2nd period - Shot by Andre Burakovsky.
1:20 of 2nd period - Shot Misses the Net.
1:32 of 2nd period - Shot by Mikael Granlund.
1:32 of 2nd period - Stopped by James Reimer without a rebound.
1:33 of 2nd period - Noel Acciari wins face-off versus Anders Lee in OKANAGAN RATTLESNAKES zone.
2:13 of 2nd period - Shot by Nazem Kadri.
2:13 of 2nd period - Stopped by Jake Oettinger without a rebound.
2:14 of 2nd period - Blake Coleman wins face-off versus Mikael Granlund in VICTORIA GLADIATORS zone.
2:21 of 2nd period - Brandon Montour is hit by Josh Manson and loses puck.
2:49 of 2nd period - Mikael Granlund is hit by Josh Manson and loses puck.
2:50 of 2nd period - Minor Penalty to Josh Manson for Cross-checking.
2:51 of 2nd period - Barclay Goodrow wins face-off versus Anders Lee in OKANAGAN RATTLESNAKES zone.
2:52 of 2nd period - Shot by Brandon Montour.
2:52 of 2nd period - Shot Misses the Net.
2:54 of 2nd period - Shot by Barclay Goodrow.
2:54 of 2nd period - Shot Misses the Net.
3:00 of 2nd period - Shot by Barclay Goodrow.
3:00 of 2nd period - Shot Misses the Net.
3:02 of 2nd period - Shot by Barclay Goodrow.
3:02 of 2nd period - Stopped by James Reimer without a rebound.
3:03 of 2nd period - Adam Lowry wins face-off versus Anders Lee in OKANAGAN RATTLESNAKES zone.
3:16 of 2nd period - Shot by Adam Lowry.
3:16 of 2nd period - Stopped by James Reimer without a rebound.
3:17 of 2nd period - Mikael Granlund wins face-off versus T.J. Oshie in OKANAGAN RATTLESNAKES zone.
3:24 of 2nd period - Shot by Brandon Montour.
3:24 of 2nd period - Stopped by James Reimer without a rebound.
3:25 of 2nd period - Mikael Granlund wins face-off versus Anders Lee in OKANAGAN RATTLESNAKES zone.
3:28 of 2nd period - Shot by Alex Iafallo.
3:28 of 2nd period - Shot Misses the Net.
3:30 of 2nd period - Shot by Brandon Montour.
3:30 of 2nd period - Stopped by James Reimer without a rebound.
3:31 of 2nd period - Mikael Granlund wins face-off versus T.J. Oshie in OKANAGAN RATTLESNAKES zone.
3:54 of 2nd period - Shot by Brandon Montour.
3:54 of 2nd period - Stopped by James Reimer without a rebound.
3:55 of 2nd period - Mike Hoffman wins face-off versus Adam Lowry in OKANAGAN RATTLESNAKES zone.
4:07 of 2nd period - Shot by Torey Krug.
4:07 of 2nd period - Stopped by James Reimer without a rebound.
4:08 of 2nd period - Mikael Granlund wins face-off versus Anders Lee in OKANAGAN RATTLESNAKES zone.
4:22 of 2nd period - Shot by Brandon Montour.
4:22 of 2nd period - Stopped by James Reimer with a rebound.
4:24 of 2nd period - Shot by Brandon Montour.
4:24 of 2nd period - Shot Misses the Net.
4:29 of 2nd period - Andre Burakovsky is hit by Adam Clendening and loses puck.
4:46 of 2nd period - Shot by Brandon Montour.
4:46 of 2nd period - Shot Blocked by Esa Lindell.
4:48 of 2nd period - Shot by Brandon Montour.
4:48 of 2nd period - Stopped by James Reimer without a rebound.
4:49 of 2nd period - Adam Lowry wins face-off versus Mike Hoffman in OKANAGAN RATTLESNAKES zone.
5:06 of 2nd period - Shot by Blake Coleman.
5:06 of 2nd period - Stopped by Jake Oettinger without a rebound.
5:07 of 2nd period - Stefan Noesen wins face-off versus Mason Appleton in VICTORIA GLADIATORS zone.
5:19 of 2nd period - Brock McGinn is hit by Jeremy Lauzon.
5:27 of 2nd period - Shot by Mason Appleton.
5:27 of 2nd period - Stopped by James Reimer with a rebound.
6:23 of 2nd period - Shot by Anders Lee.
6:23 of 2nd period - Stopped by Jake Oettinger without a rebound.
6:24 of 2nd period - Casey Cizikas wins face-off versus Mikael Granlund in VICTORIA GLADIATORS zone.
6:24 of 2nd period - Casey Cizikas is hit by Tyler Myers.
6:33 of 2nd period - Icing by Alex Iafallo.
6:34 of 2nd period - Anders Lee wins face-off versus Mikael Granlund in VICTORIA GLADIATORS zone.
6:50 of 2nd period - Minor Penalty to Andre Burakovsky for Slashing.
6:51 of 2nd period - Lars Eller wins face-off versus Noel Acciari in VICTORIA GLADIATORS zone.
6:52 of 2nd period - Shot by Colton Parayko.
6:52 of 2nd period - Stopped by Jake Oettinger without a rebound.
6:53 of 2nd period - Noel Acciari wins face-off versus Anders Lee in VICTORIA GLADIATORS zone.
7:06 of 2nd period - Shot by Nazem Kadri.
7:06 of 2nd period - Shot Misses the Net.
7:08 of 2nd period - Shot by Anders Lee.
7:08 of 2nd period - Shot Misses the Net.
7:10 of 2nd period - Shot by T.J. Oshie.
7:10 of 2nd period - Stopped by Jake Oettinger without a rebound.
7:11 of 2nd period - Lars Eller wins face-off versus Noel Acciari in VICTORIA GLADIATORS zone.
7:22 of 2nd period - Shot by Mike Hoffman.
7:22 of 2nd period - Stopped by Jake Oettinger without a rebound.
7:23 of 2nd period - Noel Acciari wins face-off versus Anders Lee in VICTORIA GLADIATORS zone.
8:23 of 2nd period - Shot by Mike Hoffman.
8:23 of 2nd period - Shot Misses the Net.
8:25 of 2nd period - Shot by Casey Cizikas.
8:25 of 2nd period - Shot Misses the Net.
8:27 of 2nd period - Shot by Colton Parayko.
8:27 of 2nd period - Shot Misses the Net.
8:49 of 2nd period - Mike Hoffman is hit by Tyler Myers and loses puck.
9:00 of 2nd period - Shot by Oskar Sundqvist.
9:00 of 2nd period - Stopped by Jake Oettinger without a rebound.
9:01 of 2nd period - Kevin Labanc wins face-off versus Mikael Granlund in VICTORIA GLADIATORS zone.
10:04 of 2nd period - Anders Lee is hit by Jan Rutta and loses puck.
11:36 of 2nd period - Icing by Josh Manson.
11:37 of 2nd period - Casey Cizikas wins face-off versus Mikael Granlund in OKANAGAN RATTLESNAKES zone.
12:00 of 2nd period - Shot by T.J. Oshie.
12:00 of 2nd period - Stopped by Jake Oettinger without a rebound.
12:01 of 2nd period - Kasperi Kapanen wins face-off versus Blake Coleman in VICTORIA GLADIATORS zone.
12:01 of 2nd period - Kasperi Kapanen is hit by Blake Coleman.
12:04 of 2nd period - Icing by Adam Lowry.
12:05 of 2nd period - Adam Lowry wins face-off versus Oskar Sundqvist in VICTORIA GLADIATORS zone.
12:24 of 2nd period - Shot by Oskar Sundqvist.
12:24 of 2nd period - Stopped by Jake Oettinger without a rebound.
12:25 of 2nd period - Mikael Granlund wins face-off versus Casey Cizikas in VICTORIA GLADIATORS zone.
12:34 of 2nd period - Colton Parayko is hit by Alex Iafallo and loses puck.
13:32 of 2nd period - Shot by Nazem Kadri.
13:32 of 2nd period - Deflect By Anders Lee.
13:32 of 2nd period - Stopped by Jake Oettinger without a rebound.
13:33 of 2nd period - Anders Lee wins face-off versus Noel Acciari in VICTORIA GLADIATORS zone.
13:42 of 2nd period - Anders Lee is hit by Jan Rutta and loses puck.
13:45 of 2nd period - Shot by Anders Lee.
13:45 of 2nd period - Stopped by Jake Oettinger with a rebound.
14:01 of 2nd period - Shot by Lars Eller.
14:01 of 2nd period - Stopped by Jake Oettinger without a rebound.
14:02 of 2nd period - Blake Coleman wins face-off versus Adam Lowry in VICTORIA GLADIATORS zone.
14:15 of 2nd period - Shot by Oskar Sundqvist.
14:15 of 2nd period - Stopped by Jake Oettinger without a rebound.
14:16 of 2nd period - Stefan Noesen wins face-off versus Mikael Granlund in VICTORIA GLADIATORS zone.
14:19 of 2nd period - Shot by Jujhar Khaira.
14:19 of 2nd period - Stopped by Jake Oettinger without a rebound.
14:20 of 2nd period - Anders Lee wins face-off versus Adam Lowry in VICTORIA GLADIATORS zone.
14:25 of 2nd period - Shot by Anders Lee.
14:25 of 2nd period - Stopped by Jake Oettinger without a rebound.
14:26 of 2nd period - Anders Lee wins face-off versus Adam Lowry in VICTORIA GLADIATORS zone.
14:45 of 2nd period - Barclay Goodrow is hit by Lars Eller and loses puck.
15:06 of 2nd period - Shot by Adam Lowry.
15:06 of 2nd period - Shot Misses the Net.
15:20 of 2nd period - Josh Manson is hit by Mikael Granlund and loses puck.
15:35 of 2nd period - Icing by Justin Holl.
15:36 of 2nd period - Mikael Granlund wins face-off versus Casey Cizikas in VICTORIA GLADIATORS zone.
15:44 of 2nd period - Shot by Mikael Granlund.
15:44 of 2nd period - Shot Blocked by T.J. Oshie.
15:57 of 2nd period - Shot by Justin Holl.
15:57 of 2nd period - Stopped by James Reimer without a rebound.
15:58 of 2nd period - Noel Acciari wins face-off versus Blake Coleman in OKANAGAN RATTLESNAKES zone.
16:28 of 2nd period - Shot by Nick Foligno.
16:28 of 2nd period - Goal by Nick Foligno - VICTORIA GLADIATORS : 4 - OKANAGAN RATTLESNAKES : 0.
16:28 of 2nd period - Jack Campbell enters game.
16:29 of 2nd period - Casey Cizikas wins face-off versus Adam Lowry in neutral zone.
16:34 of 2nd period - Shot by Mike Hoffman.
16:34 of 2nd period - Stopped by Jake Oettinger without a rebound.
16:35 of 2nd period - Adam Lowry wins face-off versus Casey Cizikas in VICTORIA GLADIATORS zone.
16:42 of 2nd period - Icing by Casey Cizikas.
16:43 of 2nd period - Casey Cizikas wins face-off versus Mikael Granlund in OKANAGAN RATTLESNAKES zone.
17:00 of 2nd period - Icing by Mike Hoffman.
17:01 of 2nd period - Adam Lowry wins face-off versus Casey Cizikas in OKANAGAN RATTLESNAKES zone.
17:22 of 2nd period - Shot by Mike Hoffman.
17:22 of 2nd period - Shot Misses the Net.
17:24 of 2nd period - Shot by Casey Cizikas.
17:24 of 2nd period - Stopped by Jake Oettinger without a rebound.
17:25 of 2nd period - Anders Lee wins face-off versus Mikael Granlund in VICTORIA GLADIATORS zone.
17:29 of 2nd period - Icing by Brandon Montour.
17:30 of 2nd period - Mikael Granlund wins face-off versus Anders Lee in VICTORIA GLADIATORS zone.
17:35 of 2nd period - Lars Eller is hit by Mikael Granlund and loses puck.
17:46 of 2nd period - Shot by Alex Iafallo.
17:46 of 2nd period - Shot Misses the Net.
17:48 of 2nd period - Shot by Mikael Granlund.
17:48 of 2nd period - Shot Misses the Net.
17:54 of 2nd period - Shot by Mikael Granlund.
17:54 of 2nd period - Shot Misses the Net.
17:56 of 2nd period - Shot by Brandon Montour.
17:56 of 2nd period - Shot Misses the Net.
18:29 of 2nd period - Icing by Colton Parayko.
18:30 of 2nd period - Anders Lee wins face-off versus Noel Acciari in OKANAGAN RATTLESNAKES zone.
18:39 of 2nd period - Noel Acciari is hit by Nazem Kadri and loses puck.
19:32 of 2nd period - Icing by Justin Holl.
19:33 of 2nd period - Noel Acciari wins face-off versus Oskar Sundqvist in VICTORIA GLADIATORS zone.
19:50 of 2nd period - Shot by Adam Lowry.
19:50 of 2nd period - Shot Blocked by Esa Lindell.
Goals for this period are 1 for VICTORIA GLADIATORS vs 0 for OKANAGAN RATTLESNAKES.
Shots for this period are 12 for VICTORIA GLADIATORS vs 17 for OKANAGAN RATTLESNAKES.

3rd period


0:01 of 3rd period - Adam Lowry wins face-off versus Casey Cizikas in neutral zone.
0:07 of 3rd period - Kasperi Kapanen is hit by Colton Parayko and loses puck.
0:10 of 3rd period - Shot by Adam Lowry.
0:10 of 3rd period - Shot Blocked by Colton Parayko.
2:12 of 3rd period - Icing by Jan Rutta.
2:13 of 3rd period - Noel Acciari wins face-off versus Anders Lee in VICTORIA GLADIATORS zone.
2:32 of 3rd period - Shot by Matthew Nieto.
2:32 of 3rd period - Shot Misses the Net.
3:07 of 3rd period - Off-side.
3:08 of 3rd period - Adam Lowry wins face-off versus Blake Coleman in neutral zone.
3:17 of 3rd period - Shot by Kasperi Kapanen.
3:17 of 3rd period - Shot Misses the Net.
3:19 of 3rd period - Shot by Barclay Goodrow.
3:19 of 3rd period - Stopped by Jack Campbell with a rebound.
3:29 of 3rd period - Shot by Adam Lowry.
3:29 of 3rd period - Stopped by Jack Campbell without a rebound.
3:30 of 3rd period - Mikael Granlund wins face-off versus Stefan Noesen in OKANAGAN RATTLESNAKES zone.
4:08 of 3rd period - Shot by Andre Burakovsky.
4:08 of 3rd period - Deflect By Alex Iafallo.
4:08 of 3rd period - Stopped by Jack Campbell without a rebound.
4:09 of 3rd period - Adam Lowry wins face-off versus Blake Coleman in OKANAGAN RATTLESNAKES zone.
4:09 of 3rd period - Adam Lowry is hit by Jeremy Lauzon.
4:16 of 3rd period - Minor Penalty to Pierre-Edouard Bellemare for Hooking.
4:17 of 3rd period - Adam Lowry wins face-off versus Anders Lee in OKANAGAN RATTLESNAKES zone.
4:26 of 3rd period - Shot by Kasperi Kapanen.
4:26 of 3rd period - Shot Misses the Net.
4:36 of 3rd period - Shot by Brandon Montour.
4:36 of 3rd period - Stopped by Jack Campbell without a rebound.
4:37 of 3rd period - Mike Hoffman wins face-off versus Mikael Granlund in OKANAGAN RATTLESNAKES zone.
4:50 of 3rd period - Shot by Andre Burakovsky.
4:50 of 3rd period - Stopped by Jack Campbell without a rebound.
4:51 of 3rd period - Adam Lowry wins face-off versus Anders Lee in OKANAGAN RATTLESNAKES zone.
4:54 of 3rd period - Shot by Barclay Goodrow.
4:54 of 3rd period - Stopped by Jack Campbell without a rebound.
4:55 of 3rd period - T.J. Oshie wins face-off versus Mikael Granlund in OKANAGAN RATTLESNAKES zone.
5:04 of 3rd period - Shot by Brandon Montour.
5:04 of 3rd period - Stopped by Jack Campbell without a rebound.
5:05 of 3rd period - Mikael Granlund wins face-off versus Anders Lee in OKANAGAN RATTLESNAKES zone.
5:18 of 3rd period - Shot by Brandon Montour.
5:18 of 3rd period - Stopped by Jack Campbell without a rebound.
5:19 of 3rd period - Adam Lowry wins face-off versus Anders Lee in OKANAGAN RATTLESNAKES zone.
5:20 of 3rd period - Shot by Torey Krug.
5:20 of 3rd period - Stopped by Jack Campbell without a rebound.
5:20 of 3rd period - Minor Penalty to Jack Campbell for Slashing.
5:21 of 3rd period - Anders Lee wins face-off versus Mikael Granlund in OKANAGAN RATTLESNAKES zone.
5:45 of 3rd period - Shot by Alex Iafallo.
5:45 of 3rd period - Stopped by Jack Campbell with a rebound.
5:52 of 3rd period - Icing by Brandon Montour.
5:53 of 3rd period - Mikael Granlund wins face-off versus Anders Lee in VICTORIA GLADIATORS zone.
6:08 of 3rd period - Shot by Mikael Granlund.
6:08 of 3rd period - Deflect By Andre Burakovsky.
6:08 of 3rd period - Goal by Andre Burakovsky - VICTORIA GLADIATORS : 5 - OKANAGAN RATTLESNAKES : 0.
6:09 of 3rd period - Adam Lowry wins face-off versus Mike Hoffman in neutral zone.
6:12 of 3rd period - Mike Hoffman is hit by Nick Foligno and loses puck.
7:24 of 3rd period - Icing by Blake Coleman.
7:25 of 3rd period - Mikael Granlund wins face-off versus Blake Coleman in OKANAGAN RATTLESNAKES zone.
7:32 of 3rd period - Shot by Mikael Granlund.
7:32 of 3rd period - Stopped by Jack Campbell without a rebound.
7:33 of 3rd period - Mikael Granlund wins face-off versus Blake Coleman in OKANAGAN RATTLESNAKES zone.
8:43 of 3rd period - Shot by Lars Eller.
8:43 of 3rd period - Shot Misses the Net.
8:45 of 3rd period - Shot by Lars Eller.
8:45 of 3rd period - Goal by Lars Eller - VICTORIA GLADIATORS : 5 - OKANAGAN RATTLESNAKES : 1.
8:46 of 3rd period - Casey Cizikas wins face-off versus Mason Appleton in neutral zone.
8:52 of 3rd period - Minor Penalty to T.J. Oshie for Slashing.
8:53 of 3rd period - Anders Lee wins face-off versus Adam Lowry in OKANAGAN RATTLESNAKES zone.
9:04 of 3rd period - Shot by Brandon Montour.
9:04 of 3rd period - Stopped by Jack Campbell without a rebound.
9:05 of 3rd period - Anders Lee wins face-off versus Adam Lowry in OKANAGAN RATTLESNAKES zone.
9:20 of 3rd period - Shot by Brandon Montour.
9:20 of 3rd period - Goal by Brandon Montour - VICTORIA GLADIATORS : 6 - OKANAGAN RATTLESNAKES : 1.
9:21 of 3rd period - Casey Cizikas wins face-off versus Mason Appleton in neutral zone.
9:45 of 3rd period - T.J. Oshie is hit by Justin Holl and loses puck.
10:06 of 3rd period - Minor Penalty to Barclay Goodrow for High sticking.
10:07 of 3rd period - Noel Acciari wins face-off versus Anders Lee in VICTORIA GLADIATORS zone.
10:26 of 3rd period - Icing by Colton Parayko.
10:27 of 3rd period - Anders Lee wins face-off versus Noel Acciari in OKANAGAN RATTLESNAKES zone.
10:50 of 3rd period - Shot by Nazem Kadri.
10:50 of 3rd period - Shot Misses the Net.
11:29 of 3rd period - Shot by Mike Hoffman.
11:29 of 3rd period - Shot Misses the Net.
11:31 of 3rd period - Shot by Esa Lindell.
11:31 of 3rd period - Shot Misses the Net.
11:33 of 3rd period - Shot by Casey Cizikas.
11:33 of 3rd period - Deflect By Mike Hoffman.
11:33 of 3rd period - Stopped by Jake Oettinger without a rebound.
11:34 of 3rd period - Anders Lee wins face-off versus Noel Acciari in VICTORIA GLADIATORS zone.
11:53 of 3rd period - Shot by Nazem Kadri.
11:53 of 3rd period - Shot Blocked by Jan Rutta.
11:55 of 3rd period - Shot by Colton Parayko.
11:55 of 3rd period - Shot Misses the Net.
12:14 of 3rd period - Stefan Noesen is hit by Torey Krug and loses puck.
12:21 of 3rd period - Shot by Stefan Noesen.
12:21 of 3rd period - Shot Blocked by Brandon Montour.
12:29 of 3rd period - Shot by Brandon Montour.
12:29 of 3rd period - Stopped by Jack Campbell with a rebound.
13:08 of 3rd period - Shot by Mike Hoffman.
13:08 of 3rd period - Stopped by Jake Oettinger without a rebound.
13:09 of 3rd period - Mikael Granlund wins face-off versus Blake Coleman in VICTORIA GLADIATORS zone.
13:26 of 3rd period - Icing by Mikael Granlund.
13:27 of 3rd period - Anders Lee wins face-off versus Mikael Granlund in VICTORIA GLADIATORS zone.
13:28 of 3rd period - Shot by Nazem Kadri.
13:28 of 3rd period - Stopped by Jake Oettinger without a rebound.
13:29 of 3rd period - Anders Lee wins face-off versus Noel Acciari in VICTORIA GLADIATORS zone.
14:10 of 3rd period - Off-side.
14:11 of 3rd period - Adam Lowry wins face-off versus Blake Coleman in neutral zone.
14:20 of 3rd period - Adam Lowry is hit by Josh Manson.
14:41 of 3rd period - Brandon Montour is hit by Josh Manson and loses puck.
14:52 of 3rd period - Shot by Adam Lowry.
14:52 of 3rd period - Stopped by Jack Campbell without a rebound.
14:53 of 3rd period - Casey Cizikas wins face-off versus Mikael Granlund in OKANAGAN RATTLESNAKES zone.
15:00 of 3rd period - Shot by T.J. Oshie.
15:00 of 3rd period - Stopped by Jake Oettinger without a rebound.
15:01 of 3rd period - Mikael Granlund wins face-off versus Anders Lee in VICTORIA GLADIATORS zone.
15:31 of 3rd period - Shot by Anders Lee.
15:31 of 3rd period - Shot Misses the Net.
15:33 of 3rd period - Shot by Lars Eller.
15:33 of 3rd period - Stopped by Jake Oettinger without a rebound.
15:34 of 3rd period - Casey Cizikas wins face-off versus Adam Lowry in VICTORIA GLADIATORS zone.
15:39 of 3rd period - Shot by Mike Hoffman.
15:39 of 3rd period - Shot Hit the Post.
15:51 of 3rd period - Brandon Montour is hit by T.J. Oshie and loses puck.
16:04 of 3rd period - Icing by Brandon Montour.
16:05 of 3rd period - Adam Lowry wins face-off versus Blake Coleman in VICTORIA GLADIATORS zone.
16:16 of 3rd period - Shot by Blake Coleman.
16:16 of 3rd period - Shot Misses the Net.
16:18 of 3rd period - Shot by Esa Lindell.
16:18 of 3rd period - Shot Blocked by Torey Krug.
16:22 of 3rd period - Shot by Blake Coleman.
16:22 of 3rd period - Shot Misses the Net.
16:36 of 3rd period - Shot by Oskar Sundqvist.
16:36 of 3rd period - Shot Misses the Net.
17:53 of 3rd period - Icing by Colton Parayko.
17:54 of 3rd period - Noel Acciari wins face-off versus T.J. Oshie in OKANAGAN RATTLESNAKES zone.
18:20 of 3rd period - Shot by T.J. Oshie.
18:20 of 3rd period - Stopped by Jake Oettinger without a rebound.
18:21 of 3rd period - Oskar Sundqvist wins face-off versus Mason Appleton in VICTORIA GLADIATORS zone.
18:22 of 3rd period - Shot by Blake Coleman.
18:22 of 3rd period - Stopped by Jake Oettinger without a rebound.
18:23 of 3rd period - Mason Appleton wins face-off versus Anders Lee in VICTORIA GLADIATORS zone.
18:23 of 3rd period - Mason Appleton is hit by Nazem Kadri.
18:26 of 3rd period - Brock McGinn is hit by Nazem Kadri and loses puck.
18:32 of 3rd period - Mason Appleton is hit by Adam Clendening and loses puck.
18:49 of 3rd period - Shot by Brock McGinn.
18:49 of 3rd period - Stopped by Jack Campbell without a rebound.
18:50 of 3rd period - T.J. Oshie wins face-off versus Adam Lowry in OKANAGAN RATTLESNAKES zone.
18:50 of 3rd period - Casey Cizikas is hit by Adam Lowry and loses puck.
18:54 of 3rd period - Minor Penalty to Kasperi Kapanen for Tripping.
18:55 of 3rd period - Noel Acciari wins face-off versus T.J. Oshie in VICTORIA GLADIATORS zone.
18:55 of 3rd period - Noel Acciari is hit by Anders Lee.
19:02 of 3rd period - Icing by Colton Parayko.
19:03 of 3rd period - Noel Acciari wins face-off versus Anders Lee in OKANAGAN RATTLESNAKES zone.
Goals for this period are 2 for VICTORIA GLADIATORS vs 1 for OKANAGAN RATTLESNAKES.
Shots for this period are 17 for VICTORIA GLADIATORS vs 8 for OKANAGAN RATTLESNAKES.


ROOPE
HINTZ
ARTEMI
PANARIN
MIRO
HEISKANEN

EAST COAST

HOCKEY LEAGUE

  • 59.RHI1PIT5
  • 60.WOR6ATL7
  • 61.CHWQUE
  • 62.TRVCHA